 Dungeon Crawl Stone Soup version 0.19.5 (webtiles) character file.

242 Santreim the Covered (level 5, -7/47 HPs)
             Began as a Minotaur Fighter on Mar 9, 2017.
             Mangled by Azzok's ghost (11 damage)
             ... on level 3 of the Dungeon.
             The game lasted 00:07:47 (1799 turns).

Santreim the Covered (Minotaur Fighter)             Turns: 1799, Time: 00:07:47

Health: -7/47      AC: 11    Str: 26    XL:     5   Next: 81%
Magic:  0/4        EV:  8    Int:  5    God:
Gold:   100        SH: 10    Dex: 10    Spells: 0 memorised, 4 levels left

rFire  . . .     SeeInvis .     a - +0 war axe
rCold  . . .     Gourm    .     b - +1 scale mail
rNeg   . . .     Faith    .     c - +0 shield
rPois  +         Spirit   +     w - +2 hat
rElec  .         Reflect  .     (no cloak)
rCorr  .         Harm     .     y - +0 pair of gloves
MR     .....                    (no boots)
Stlth  ..........               n - amulet of guardian spirit
                                (no ring)
                                r - ring of poison resistance

@: mighty, very slightly contaminated, hasted, very quick
A: retaliatory headbutt, horns 2
a: no special abilities


You were on level 3 of the Dungeon.
You were not hungry.

You visited 1 branch of the dungeon, and saw 3 of its levels.

You collected 100 gold pieces.

Inventory:

Hand Weapons
 a - a +0 war axe (weapon)
 k - a +0 hand axe
Armour
 b - a +1 scale mail (worn)
 c - a +0 shield (worn)
 e - a +0 pair of gloves
 g - a +0 ring mail
 i - a +2 robe
 p - a +0 robe
 q - a +0 buckler
 w - a +2 hat (worn)
 y - a +0 pair of gloves (worn)
Jewellery
 n - an amulet of guardian spirit (around neck)
 r - a ring of poison resistance (left hand)
Wands
 u - a wand of flame (28/48)
Scrolls
 j - a scroll of blinking
 o - a scroll of identify
 v - a scroll of amnesia {unknown}
Potions
 m - a potion of mutation {unknown}
 s - a potion of curing
 t - a potion of lignification {unknown}
 z - a potion of agility {unknown}
Comestibles
 f - 2 bread rations
 l - 2 meat rations
 x - a chunk of flesh


   Skills:
 + Level 4.6 Fighting
 + Level 4.8 Axes
 + Level 5.0 Armour
 + Level 1.4 Dodging
 + Level 0.1 Stealth
 + Level 4.4 Shields


You had 4 spell levels left.
You didn't know any spells.

Dungeon Overview and Level Annotations

Branches:
Dungeon (3/15)

Altars:

Annotations:
D:3 Azzok's ghost, amateur MiGl


Innate Abilities, Weirdness & Mutations

You reflexively headbutt those who attack you in melee.
You have a pair of horns on your head.


Message History

You feel yourself speed up.
Azzok's ghost hits you but does no damage.
You are very lightly contaminated with residual magic.
You hit Azzok's ghost.
Azzok's ghost is moderately damaged.
Azzok's ghost hits you but does no damage.
You closely miss Azzok's ghost.
Azzok's ghost is moderately damaged.
Azzok's ghost hits you!
* * * LOW HITPOINT WARNING * * *
You feel better. Azzok's ghost hits you!
* * * LOW HITPOINT WARNING * * *
You feel better.
You closely miss Azzok's ghost.
Azzok's ghost is moderately damaged.
Azzok's ghost hits you!
* * * LOW HITPOINT WARNING * * *
You feel very mighty all of a sudden. Azzok's ghost hits you!
You die...

###### # .....#######
#####.#
...........####.....##.#
...........'....@W......
...........########.####
...........#
...........#
...........#
...........#
#######.#### # #.# #.#


You could see Azzok's ghost.

Vanquished Creatures
  Sigmund (D:2)
  2 adders
  A worm (D:2)
  A dart slug (D:2)
  4 leopard geckos
  5 bats
  3 giant cockroaches (D:2)
  6 hobgoblins
  8 jackals
  2 quokkas (D:2)
  4 frilled lizards
  6 goblins
  6 kobolds
  3 rats
52 creatures vanquished.

Notes
Turn   | Place    | Note
-------+----------+-------------------------------------------
     0 | D:1      | Santreim the Minotaur Fighter began the quest for the Orb.
     0 | D:1      | Reached XP level 1. HP: 19/19 MP: 0/0
   269 | D:1      | Reached XP level 2. HP: 24/27 MP: 1/1
   368 | D:1      | Reached skill level 4 in Armour
   823 | D:2      | Reached XP level 3. HP: 33/33 MP: 2/2
   828 | D:2      | Noticed Sigmund
   863 | D:2      | Killed Sigmund
   863 | D:2      | Reached skill level 1 in Dodging
   863 | D:2      | Reached XP level 4. HP: 11/41 MP: 3/3
   863 | D:2      | Reached XP level 5. HP: 13/47 MP: 4/4
  1362 | D:2      | Reached skill level 5 in Armour
  1778 | D:3      | Noticed Azzok's ghost (amateur MiGl)
  1799 | D:3      | Mangled by Azzok's ghost

Skill      XL: |  1  2  3  4  5 |
---------------+----------------+-----
Armour         | 4 5 |  5.0
Fighting       | 4 |  4.6
Axes           | 4 |  4.8
Dodging        | 1 |  1.4
Shields        | 4 |  4.4
Stealth        | |  0.1

Action                   |  1- 3 |  4- 6 || total
-------------------------+-------+-------++-------
Melee: War axe           |    65 |    55 ||   120
       Headbutt          |     6 |     8 ||    14
  Use: Scroll            |     6 |     2 ||     8
       Potion            |     1 |     4 ||     5
  Eat: Chunk             |       |     3 ||     3
Armor: Scale mail        |    53 |    22 ||    75
Dodge: Dodged            |    20 |    20 ||    40
Block: Shield            |    43 |    23 ||    66
